AoeStats
← kingbob270515

Golden Pit

510002556Analyzed
1v1 RM · 2d ago on Sep 29, 2026· 57m 18s· 2 players
Game mode
Random Map
Map size
Tiny (2 player)
Population
200
Speed
Normal
Resources
Standard
Victory
Conquest
Starting age
Dark Age
Ending age
Imperial Age
RankedLock teamsTeams togetherTeam positionsShared explorationLock speedFull tech treeHidden civsTurbo modeCheats
Victory
Defeat
🇬🇧 Khmer · United Kingdom
496
+15
🇦🇺 Vietnamese · Australia
483
-26
kingbob270515
10:34 Feudal Age
12:03 Town Watch
13:27 Double-Bit Axe
13:24 Horse Collar
18:31 Gold Mining
18:46 Man-at-Arms
24:24 Castle Age
24:14 Fletching
24:24 Padded Archer Armor
24:27 Pikeman
25:07 Squires
24:53 Arson
27:36 Bodkin Arrow
33:23 Thumb Ring
32:40 Crossbowman
37:08 Leather Archer Armor
37:04 Forging
36:54 Scale Mail Armor
37:00 Scale Barding Armor
39:03 Stone Mining
39:28 Bow Saw
39:23 Heavy Plow
39:39 Masonry
42:17 Elite Skirmisher
45:36 Iron Casting
45:16 Chain Mail Armor
53:46 Ballistics
liam198926
0:44 Loom
17:29 Feudal Age
18:09 Town Watch
19:00 Wheelbarrow
18:16 Double-Bit Axe
18:53 Gold Mining
23:03 Castle Age
21:37 Fletching
21:58 Forging
21:54 Scale Barding Armor
22:50 Bloodlines
23:56 Padded Archer Armor
26:34 Town Patrol
25:59 Light Cavalry
26:40 Husbandry
27:20 Iron Casting
27:31 Fervor
27:42 Sanctity
28:07 Bow Saw
30:36 Chain Barding Armor
30:11 Bodkin Arrow
34:11 Masonry
36:32 Gold Shaft Mining
36:45 Ballistics
36:21 Murder Holes
37:26 Hand Cart
38:32 Leather Archer Armor
37:40 Crossbowman
44:33 Imperial Age
42:17 Elite Skirmisher
43:45 Tusk Swords
44:05 Stone Mining
44:28 Bow Saw
45:38 Bracer
46:13 Conscription
46:43 Stone Shaft Mining
47:29 Hoardings
49:58 Blast Furnace
50:10 Ring Archer Armor
52:08 Plate Barding Armor
52:58 Horse Collar
53:56 Architecture
54:03 Heavy Plow
56:47 Chemistry
Connection lost

Rejoining the realm…

Still unreachable

The connection could not be restored.

Session expired

The server has moved on; the page needs a fresh start.